 Dungeon Crawl Stone Soup version 0.18.1-50-g88ac8fd (webtiles) character file.

148 Gorglomux the Insei (level 5, -9/29 HPs)
             Began as a Vine Stalker Monk on Oct 29, 2016.
             Mangled by a gnoll
             ... wielding a +0 halberd
              (14 damage)
             ... on level 3 of the Dungeon.
             The game lasted 00:03:34 (1352 turns).

Gorglomux the Insei (Vine Stalker Monk)             Turns: 1352, Time: 00:03:35

Health: -9/29      AC:  2    Str: 15    XL:     5   Next: 30%
Magic:  0/6        EV: 13    Int: 10    God:
Gold:   193        SH:  0    Dex: 16    Spells: 0 memorised, 4 levels left

rFire  . . .     SeeInvis .       - Unarmed
rCold  . . .     Gourm    .     a - +0 robe
rNeg   . . .     Faith    .     (no shield)
rPois  .         Spirit   +     (no helmet)
rElec  .         Dismiss  .     (no cloak)
rCorr  .         Reflect  .     (no gloves)
SustAt .         Harm     .     (no boots)
MR     .....                    (no amulet)
Stlth  ++........               (no ring)
                                (no ring)

@: not resistant to hostile enchantments, unstealthy
A: fangs 2, regeneration 1, magic shield, antimagic bite, no device heal 3, rot
immunity
a: no special abilities


You were on level 3 of the Dungeon.
You were hungry.

You visited 1 branch of the dungeon, and saw 3 of its levels.

You collected 193 gold pieces.

Inventory:

Armour
 a - a +0 robe (worn)
Scrolls
 c - a scroll of blinking {unknown}
 e - a scroll of teleportation {unknown}
 f - 4 scrolls of enchant armour {unknown}
 i - 3 scrolls of identify {unknown}
 k - a scroll of enchant weapon {unknown}
Potions
 d - a potion of might {unknown}
 g - 2 potions of curing {unknown}
 h - a potion of lignification {unknown}
Comestibles
 b - 2 bread rations


   Skills:
 + Level 3.6 Fighting
 - Level 2.4 Dodging
 - Level 2.4 Stealth
 * Level 5.7 Unarmed Combat


You had 4 spell levels left.
You didn't know any spells.

Dungeon Overview and Level Annotations

Branches:
Dungeon (3/15)

Altars:
Ru


Innate Abilities, Weirdness & Mutations

You have extremely sharp teeth.
Your natural rate of healing is unusually fast.
When hurt, damage is shared between your health and your magic reserves.
Your bite disrupts and absorbs the magic of your enemies.
Potions and wands cannot restore your health.
You are immune to rotting.


Message History

The gnoll is severely wounded.
The gnoll closely misses you.
You barely miss the gnoll.
The gnoll is severely wounded.
The gnoll closely misses you.
You barely miss the gnoll. You bite the gnoll. You drain its power.
You feel invigorated.
The gnoll is severely wounded.
The gnoll closely misses you. The gnoll barely misses you.
You barely miss the gnoll.
The gnoll is severely wounded.
The gnoll hits you with an enchanted flail!
The gnoll hits you from afar with a halberd!
* * * LOW HITPOINT WARNING * * *
You hit the gnoll.
You kill the gnoll!
Found a scroll labeled KIEFIA KACYD.
You see here an enchanted flail.
The gnoll hits you from afar with a halberd!
You die... ≈≈P....<..##.####†_ P♣♣♣≈≈.P######.##.##...g P≈≈≈≈ #.#...#...# .P≈≈≈P #(..#.#)..# P≈P≈PP ##..#.'#### .PPP.P#

##...#....## .......##
#..#g#......
........#####<##o##..?g.
#@.g..).##.##.o...
.....?.#####[.....#.o.g.
.####.. #†(###........
#.. #.## #........ #.#
.. ....###.... #.
#.##....# ##### #.
P....##.. #. ≈≈P≈## ###
♣PP≈


You could see a gnoll.

Vanquished Creatures
  Ijyb (D:3)
  Terence (D:2)
  2 adders
  2 gnolls
  An ooze (D:1)
  A worm (D:2)
  2 giant geckos
  An orc (D:2)
  3 ball pythons (D:2)
  6 bats
  4 giant cockroaches
  10 goblins
  3 hobgoblins (D:1)
  A jackal (D:3)
  2 quokkas (D:2)
  5 kobolds
  4 rats (D:1)
49 creatures vanquished.

Notes
Turn   | Place    | Note
--------------------------------------------------------------
     0 | D:1      | Gorglomux the Vine Stalker Monk began the quest for the Orb.
     0 | D:1      | Reached XP level 1. HP: 11/11 MP: 2/2
    40 | D:1      | Reached XP level 2. HP: 4/16 MP: 1/3
   452 | D:1      | Reached XP level 3. HP: 20/20 MP: 4/4
   834 | D:2      | Noticed Terence
   847 | D:2      | Killed Terence
   847 | D:2      | Reached XP level 4. HP: 5/24 MP: 2/5
   923 | D:2      | Reached skill level 5 in Unarmed Combat
  1259 | D:3      | Found a sacrificial altar of Ru.
  1259 | D:3      | Noticed Ijyb
  1274 | D:3      | Killed Ijyb
  1274 | D:3      | Reached XP level 5. HP: 18/28 MP: 3/6
  1352 | D:3      | Mangled by a gnoll

Skill      XL: |  1  2  3  4 |
---------------+-------------+-----
Fighting       | 3 |  3.6
Unarmed Combat | 5 |  5.7
Dodging        | |  2.4
Stealth        | |  2.4

Action                   |  1- 3 |  4- 6 || total
-------------------------+-------+-------++-------
Melee: Unarmed           |    84 |    67 ||   151
       Bite              |    25 |    23 ||    48
       Punch             |     1 |     2 ||     3
 Stab: Sleeping          |     8 |     4 ||    12
       Paralysed         |       |     3 ||     3
  Eat: Chunk             |       |     1 ||     1
Armor: Robe              |    14 |     4 ||    18
Dodge: Dodged            |    36 |    62 ||    98
